 Dungeon Crawl Stone Soup version 0.17-a0-910-ga669010 (webtiles) character file.

128 namelastname112 the Twirler (level 4, -9/38 HPs)
             Began as a Draconian Gladiator on May 2, 2015.
             Mangled by a gnoll
             ... wielding a +0 halberd
              (10 damage)
             ... on level 2 of the Dungeon.
             The game lasted 00:04:25 (2132 turns).

namelastname112 the Twirler (Draconian Gladiator)   Turns: 2132, Time: 00:04:25

Health: -9/38      AC:  5    Str: 17    XL:     4   Next: 86%
Magic:  4/4        EV: 19    Int: 14    God:
Gold:   57         SH:  0    Dex: 17    Spells: 0 memorised, 3 levels left

rFire  . . .     SeeInvis .     a - +0 quarterstaff
rCold  . . .     Clarity  .     (armour unavailable)
rNeg   . . .     SustAb   .     (no shield)
rPois  .         Gourm    .     b - +0 hat
rElec  .         Spirit   .     (no cloak)
rCorr  .         Warding  .     (no gloves)
rMut   .         Stasis   .     (no boots)
MR     .....                    (no amulet)
Stlth  +++.......               (no ring)
                                (no ring)

@: brilliant, agile, not resistant to hostile enchantments, fairly stealthy
A: unfitting armour, blurry vision 2, cold-blooded, subdued magic 1, AC +5
a: no special abilities


You were on level 2 of the Dungeon.
You were not hungry.

You visited 1 branch of the dungeon, and saw 3 of its levels.

You collected 57 gold pieces.

Inventory:

Hand weapons
 a - a +0 quarterstaff (weapon)
Missiles
 c - 3 throwing nets
 m - 5 javelins (quivered)
Armour
 b - a +0 hat (worn)
Scrolls
 e - a scroll of recharging {unknown}
 f - a scroll of teleportation {unknown}
 h - a scroll of enchant weapon {unknown}
 i - 3 scrolls of identify {unknown}
 j - a scroll of random uselessness {unknown}
 l - a scroll of noise {unknown}
 n - a scroll of remove curse {unknown}
 p - a scroll of fear {unknown}
Potions
 q - a potion of curing {unknown}
 s - a potion of degeneration {unknown}
Comestibles
 d - 4 bread rations
 k - 2 meat rations
 t - a chunk of flesh


   Skills:
 + Level 3.2 Fighting
 * Level 4.3 Staves
 - Level 1.7 Throwing
 + Level 3.6 Dodging


You had 3 spell levels left.
You didn't know any spells.

Dungeon Overview and Level Annotations

Branches:
Dungeon (3/15)

Altars:


Innate Abilities, Weirdness & Mutations

Your plain brown scales are hard (AC +5).
Your body does not fit into most forms of armour.
You are cold-blooded and may be slowed by cold attacks.
Scrolls take you longer to read.
Your spells are a little easier to cast, but a little less powerful.


Message History

The gnoll is moderately wounded.
The gnoll hits you with a halberd!
* * * LOW HITPOINT WARNING * * *
The gnoll hits you with a spear!
* * * LOW HITPOINT WARNING * * *
You are too injured to fight recklessly!
You are too injured to fight recklessly!
Drink which item? (? for menu, Esc to quit)
It was a potion of brilliance.
You feel clever all of a sudden. The gnoll barely misses you.
Drink which item? (? for menu, Esc to quit)
It was a potion of agility.
You feel agile all of a sudden. The gnoll completely misses you.
The gnoll misses you.
Drink which item? (? for menu, Esc to quit)
It was a potion of mutation.
You feel extremely strange.
Your vision blurs.
Your connection to magic feels subdued.
Your vision blurs.
The gnoll misses you. The gnoll hits you with a halberd!
You die...

#.# #######.# #########
###.......# #.......#
#.....##### #..g....#
#.....# #..l.r..# ##.....#
####### #..Sl...###.....##
#.....#
#..l............####.....#
#####..........g@).......#
#.......##.÷g........#
##########...........#
##..).....>.# #......#####
#...<..# ########


You could see 2 gnolls.

Vanquished Creatures
  A gnoll (D:2)
  5 adders (D:2)
  A shadow imp (D:3)
  An ooze (D:1)
  A giant gecko (D:2)
  A ball python (D:1)
  5 giant cockroaches
  6 hobgoblins
  6 jackals
  13 kobolds
  4 quokkas
  7 bats
  5 giant newts
  9 rats
65 creatures vanquished.

Notes
Turn   | Place    | Note
--------------------------------------------------------------
     0 | D:1      | namelastname112, the Draconian Gladiator, began the quest for the Orb.
     0 | D:1      | Reached XP level 1. HP: 17/17 MP: 1/1
   174 | D:1      | Reached XP level 2. HP: 12/25 MP: 2/2
   772 | D:1      | Reached XP level 3. HP: 6/30 MP: 3/3
  1120 | D:2      | You fall through a shaft!
  1606 | D:2      | Reached XP level 4. HP: 34/37 MP: 4/4
  1609 | D:2      | Reached skill level 4 in Staves
  2129 | D:2      | HP: 1/38 [gnoll/spear (9)]
  2132 | D:2      | Gained mutation: Scrolls take you a little longer to read. [potion of mutation]
  2132 | D:2      | Gained mutation: Your spells are a little easier to cast, but a little less powerful. [potion of mutation]
  2132 | D:2      | Gained mutation: Scrolls take you longer to read. [potion of mutation]
  2132 | D:2      | Mangled by a gnoll

Action                   |  1- 3 |  4- 6 || total
-------------------------+-------+-------++-------
Melee: Quarterstaff      |   131 |    47 ||   178
Throw: Javelin           |     5 |       ||     5
  Use: Potion            |       |     3 ||     3
  Eat: Chunk             |     1 |     3 ||     4
